 Dungeon Crawl Stone Soup version 0.29.0-11-gd7f09526c8 (webtiles) character file.

Game seed: 2948413643965467992

117 ragingrage the Magician (level 5, -3/28 HPs)
             Began as a Kobold Hedge Wizard on Sept 7, 2022.
             Killed from afar by a white imp (6 damage)
             ... with a puff of frost
             ... on level 3 of the Dungeon.
             The game lasted 00:03:12 (3105 turns).

ragingrage the Magician (Kobold Hedge Wizard)       Turns: 3105, Time: 00:03:12

Health: -3/28      AC:  3    Str: 10    XL:     5   Next: 22%
Magic:  4/11       EV: 15    Int: 17    God:
Gold:   132        SH:  0    Dex: 19    Spells: 4/12 levels left

rFire   + . .      SeeInvis .   o - +3 quarterstaff "Xucem" {pain, rF+ Will- Str+3 Dex+4}
rCold   . . .      Faith    .   (shield currently unavailable)
rNeg    . . .      Spirit   .   b - +0 robe
rPois   .          Reflect  .   c - +0 hat
rElec   .          Harm     .   (no cloak)
rCorr   .          Rampage  .   (no gloves)
Will    .....                   k - +0 pair of boots
Stlth   +++.......              (no amulet)
HPRegen 0.09/turn               (no ring)
MPRegen 0.12/turn               (no ring)

@: no status effects
A: small, no large weapons, nightstalker 3
a: no special abilities


You were on level 3 of the Dungeon.
You visited 1 branch of the dungeon, and saw 3 of its levels.

You collected 132 gold pieces.

Inventory:

Hand Weapons
 i - a +0 short sword
 o - the +3 quarterstaff "Xucem" (weapon) {pain, rF+ Will- Str+3 Dex+4}
   (You found it on level 3 of the Dungeon)

   In the hands of one skilled in necromantic magic, it inflicts extra damage on
   living creatures.
   Str:       It affects your strength (+3).
   Dex:       It affects your dexterity (+4).
   rF:        It protects you from fire.
   Will:      It decreases your willpower.
Missiles
 a - 5 poisoned darts
Armour
 b - a +0 robe (worn)
 c - a +0 hat (worn)
 k - a +0 pair of boots (worn)
Scrolls
 f - 5 scrolls of teleportation {unknown}
 g - 2 scrolls of identify {unknown}
 h - a scroll of noise {unknown}
 l - a scroll of vulnerability {unknown}
Potions
 d - a potion of lignification {unknown}
 e - a potion of flight {unknown}
 j - a potion of might {unknown}
 m - a potion of attraction {unknown}
 n - a potion of invisibility {unknown}


   Skills:
 - Level 2.4 Dodging
 - Level 2.6 Stealth
 + Level 4.2 Spellcasting
 + Level 2.6 Conjurations
 + Level 2.7 Summonings
 - Level 1.0 Translocations


You had 4 spell levels left.
You knew the following spells:

 Your Spells              Type           Power      Damage    Failure   Level
a - Magic Dart            Conj           48%        1d5       5%          1
b - Call Imp              Summ           12%        N/A       8%          2
c - Mephitic Cloud        Conj/Pois/Air  6%         N/A       32%         3
d - Blink                 Tloc           14%        N/A       16%         2

Your spell library contained the following spells:

 Spells                   Type           Power      Damage    Failure   Level
 Slow                     Hex            12%        N/A       16%         1
 Conjure Flame            Conj/Fire      8%         6-21      26%         3


Dungeon Overview and Level Annotations

Branches:
Dungeon (3/15)

Altars:
Trog

Annotations:
D:2 Sigmund


Innate Abilities, Weirdness & Mutations

You are small and have problems with some larger weapons.
You are completely attuned to the shadows.


Message History

Your white imp resists.
Your white imp hits the white imp.
Your white imp freezes the white imp.
The white imp completely resists.
The white imp misses your white imp.
Your white imp gestures at the white imp.
The puff of frost hits the white imp.
The white imp resists.
The white imp hits your white imp.
Your white imp dies!
Your white imp disappears in a puff of smoke!
You are too injured to fight recklessly!
You are too injured to fight recklessly!
Casting: Magic Dart (safe; 5% risk of failure)
Confirm with . or Enter, or press ? or * to list all spells.
Aiming: Magic Dart (safe; 5% risk of failure)
Press: ? - help, Shift-Dir - straight line, f - white imp
Aim: a white imp (severely wounded, unaware, hasn't noticed you, 100% to hit)
The magic dart hits the white imp but does no damage.
The white imp is severely wounded.
The white imp gestures at you. The puff of frost hits you!
Casting: Magic Dart (safe; 5% risk of failure)
Confirm with . or Enter, or press ? or * to list all spells.
Aiming: Magic Dart (safe; 5% risk of failure)
Press: ? - help, Shift-Dir - straight line, f/p - white imp
Aim: a white imp (severely wounded, 100% to hit)
The magic dart hits the white imp.
The white imp is severely wounded.
The white imp gestures at you. The puff of frost hits you!
* * * LOW HITPOINT WARNING * * *
Casting: Magic Dart (safe; 5% risk of failure)
Confirm with . or Enter, or press ? or * to list all spells.
Aiming: Magic Dart (safe; 5% risk of failure)
Press: ? - help, Shift-Dir - straight line, f/p - white imp
Aim: a white imp (severely wounded, 100% to hit)
The magic dart hits the white imp but does no damage.
The white imp is severely wounded.
The white imp gestures at you. The puff of frost hits you.
You die...

#..# #_).##
....##
#...##
#).@##
#5#...###
..###....#
#.. ##...#
## ##..#
##.# #..#
#######.####
#...#......#


You could see a white imp.

Vanquished Creatures
  Terence (D:3)
  3 dart slugs
  2 ball pythons
  2 bats (D:1)
  2 endoplasms
  4 giant cockroaches
  A goblin (D:2)
  3 hobgoblins
  3 jackals (D:1)
  3 quokkas
  2 frilled lizards (D:2)
  4 kobolds
  2 rats (D:2)
32 creatures vanquished.

Vanquished Creatures (collateral kills)
  A jelly (D:3)
  An adder (D:2)
  A worm (D:2)
  A goblin (D:2)
  2 hobgoblins
  A kobold (D:1)
7 creatures vanquished.

Grand Total: 39 creatures vanquished

Notes
Turn   | Place    | Note
-------+----------+-------------------------------------------
     0 | D:1      | ragingrage the Kobold Hedge Wizard began the quest for the
                  | Orb.
     0 | D:1      | Reached XP level 1. HP: 10/10 MP: 4/4
    15 | D:1      | Found a faded altar of an unknown god.
   187 | D:1      | Reached XP level 2. HP: 15/15 MP: 4/6
   766 | D:1      | Reached XP level 3. HP: 19/19 MP: 6/8
  1108 | D:1      | Learned a level 2 spell: Call Imp
  1112 | D:1      | Learned a level 3 spell: Mephitic Cloud
  1115 | D:1      | Learned a level 2 spell: Blink
  1627 | D:2      | Identified the +1 ring mail "Dafofof" {rPois rC- Will++
                  | Str+3}
  1991 | D:2      | Reached XP level 4. HP: 8/24 MP: 0/9
  2403 | D:2      | Noticed Sigmund
  2818 | D:3      | Reached skill level 4 in Spellcasting
  3048 | D:3      | Identified the +3 quarterstaff "Xucem" {pain, rF+ Will-
                  | Str+3 Dex+4}
  3062 | D:3      | Noticed Terence
  3083 | D:3      | Found a bloodstained altar of Trog.
  3092 | D:3      | Killed Terence
  3093 | D:3      | Reached XP level 5. HP: 18/28 MP: 6/11
  3105 | D:3      | Killed from afar by a white imp

Illustrated notes

Levels and vault maps discovered:
D:1:      wander_arrival_peaceful_grave, layout_basic,
          chequers_ecumenical_altar_simple, hangedman_decor_points
D:2:      layout_basic, minmay_hexomino_f4, uniq_sigmund
D:3:      layout_loops_cross, nzn_overflow_gifts_of_might_and_magic,
          ebering_ghost_sewer_d

Skill      XL: |  1  2  3  4 |
---------------+-------------+-----
Summonings     | 2 |  2.7
Conjurations   | 2 |  2.6
Spellcasting   | 4 |  4.2
Dodging        | |  2.4
Stealth        | |  2.6
Translocations | |  1.0

Action                   |  1- 3 |  4- 6 || total
-------------------------+-------+-------++-------
Melee: Dagger            |     9 |       ||     9
       Short sword       |    12 |    21 ||    33
       Quarterstaff      |       |     4 ||     4
 Cast: Magic Dart        |    76 |    21 ||    97
       Call Imp          |     9 |     6 ||    15
  Use: Potion            |     1 |       ||     1
 Stab: Sleeping          |       |     2 ||     2
Armor: Robe              |     6 |     3 ||     9
Dodge: Dodged            |    40 |    16 ||    56
